 Dungeon Crawl Stone Soup version 0.29.0-11-gd7f09526c8 (webtiles) character file.

Game seed: 3512829407015526022

23 concernfroge the Trooper (level 2, -5/25 HPs)
             Began as a Mummy Monk on Sept 3, 2022.
             Killed by divine providence
             ... invoked by an orc priest
              (11 damage)
             ... on level 2 of the Dungeon.
             The game lasted 00:01:36 (1329 turns).

concernfroge the Trooper (Mummy Monk)               Turns: 1329, Time: 00:01:37

Health: -5/25      AC:  2    Str: 14    XL:     2   Next: 75%
Magic:  2/2        EV: 12    Int:  9    God:
Gold:   41         SH:  0    Dex: 14    Spells: 1/1 levels left

rFire   x . .      SeeInvis .   a - +0 spear
rCold   + . .      Faith    .   (no shield)
rNeg    + + +      Spirit   .   b - +0 robe
rPois   ∞          Reflect  .   (no helmet)
rElec   .          Harm     .   (no cloak)
rCorr   .          Rampage  .   (no gloves)
Will    .....                   (no boots)
Stlth   ++........              (no amulet)
HPRegen 0.08/turn               (no ring)
MPRegen 0.08/turn               (no ring)

@: about to teleport
A: cold resistance 1, negative energy resistance 3, torment resistance 2, heat
vulnerability 1, no potions
a: no special abilities


You were on level 2 of the Dungeon.
You visited 1 branch of the dungeon, and saw 2 of its levels.

You collected 41 gold pieces.

Inventory:

Hand Weapons
 a - a +0 spear (weapon)
Armour
 b - a +0 robe (worn)
Scrolls
 e - 2 scrolls of amnesia {unknown}


   Skills:
 + Level 4.1 Fighting
 - Level 2.4 Polearms
 - Level 2.4 Dodging
 - Level 1.5 Stealth


You had one spell level left.
You didn't know any spells.
Your spell library was empty.

Dungeon Overview and Level Annotations

Branches:
Dungeon (2/15)

Altars:


Innate Abilities, Weirdness & Mutations

You are immune to poison.
Your flesh is cold resistant. (rC+)
You are immune to negative energy. (rN+++)
You are immune to unholy pain and torment.
You are vulnerable to heat. (rF-)
You do not drink.


Message History

An orc comes into view. It is wielding a +0 club.
You reach to attack!
The orc shouts!
You hit the orc.
The orc is moderately wounded.
You reach to attack!
You hit the orc.
The orc is almost dead.
The orc is no longer blind.
You hit the orc.
You kill the orc!
Throw: dart (atropa)
Press: ? - help, Q - select action Shift-Dir - straight line, f - orc
Aim: an orc, wielding a +0 dagger (60% to hit, chance to blind on hit: 100%)
You throw an atropa-tipped dart.
The atropa-tipped dart hits the orc priest.
The orc priest appears confused.
The orc priest closely misses you.
You hit the orc priest.
The orc priest is moderately wounded.
The orc priest seems less confused.
You closely miss the orc priest.
The orc priest is moderately wounded.
The orc priest closely misses you.
You closely miss the orc priest.
The orc priest is moderately wounded.
The orc priest hits you with a +0 flail.
The orc closely misses you.
You closely miss the orc priest.
The orc priest is moderately wounded.
The orc priest is no longer blind.
The orc hits you with a +0 club.
You hit the orc priest.
The orc priest is heavily wounded.
The orc priest hits you with a +0 flail!
The orc hits you with a +0 club.
* * * LOW HITPOINT WARNING * * *
As you read the scroll labelled BUYV FERORPH, it crumbles to dust.
You feel strangely unstable.
It was a scroll of teleportation.
The orc priest invokes the aid of Beogh against you.
Beogh smites you!
You die...

### ..## ###
.[# # ....
##.. ...
#..#.o###...#
#.>..@ooo.$#
####.###..##
#.# # #.# #.#
#.# #####.#
#.....#
#.#####


You could see an orc priest and 3 orcs.

Vanquished Creatures
  A dart slug (D:1)
  An orc (D:2)
  3 ball pythons
  An endoplasm (D:1)
  2 goblins
  3 hobgoblins (D:1)
  A kobold (D:1)
  A quokka (D:1)
  6 rats (D:1)
19 creatures vanquished.

Notes
Turn   | Place    | Note
-------+----------+-------------------------------------------
     0 | D:1      | concernfroge the Mummy Monk began the quest for the Orb.
     0 | D:1      | Reached XP level 1. HP: 18/18 MP: 1/1
   344 | D:1      | Reached XP level 2. HP: 20/24 MP: 2/2
  1286 | D:2      | Reached skill level 4 in Fighting
  1329 | D:2      | Killed from afar by an orc priest

Illustrated notes

Levels and vault maps discovered:
D:1:      zaba_arrival_water, layout_loops_ring
D:2:      layout_loops_ring, shapermc_ecumenical_altar_mp_urbaneastern

Skill      XL: |  1  2 |
---------------+-------+-----
Fighting       | 4 |  4.1
Polearms       | |  2.4
Dodging        | |  2.4
Stealth        | |  1.5

Action                   || total
-------------------------++-------
Melee: Spear             ||    60
Throw: Dart              ||     2
  Use: Scroll            ||     1
 Stab: Sleeping          ||     4
       Invisible         ||     1
Armor: Robe              ||     2
Dodge: Dodged            ||    18
